 Dungeon Crawl Stone Soup version 0.27.1 (webtiles) character file.

Game seed: 417254456773385413

14822 rogsnak the Thaumaturge (level 12, 0/76 HPs)
             Began as a Djinni Fire Elementalist on Aug 24, 2021.
             Was a Priest of Elyvilon.
             Slain by an orc (3 damage)
             ... on level 12 of the Dungeon on Aug 25, 2021.
             The game lasted 00:40:40 (13881 turns).

rogsnak the Thaumaturge (Djinni Fire Elementalist) Turns: 13881, Time: 00:40:40

Health: 0/76       AC:  1    Str:  7    XL:     12   Next: 50%
Gold:   563        EV: 14    Int: 20    God:    Elyvilon [***...] SH:  0 Dex: 14

rFire    + + +     SeeInvis .   I - +8 trident of Disorder {holy, rElec rF++ rC- rN+}
rCold    . . .     Faith    +   (no shield)
rNeg     + . .     Spirit   .   (no armour)
rPois    ∞         Reflect  .   (no helmet)
rElec    +         Harm     .   p - +0 cloak
rCorr    .         Rampage  .   (no gloves)
Will     +....                  (boots unavailable)
Stlth    ++........             q - amulet of faith
HPRegen  0.22/turn              h - ring of ice
MPRegen  0.00/turn              A - ring of protection from cold

@: flying
A: sickness immunity, fire resistance 2, cold vulnerability 1, float, innate
caster, hp casting, extra vitality 1, claws 1, dopey 1, wild magic 2
a: Renounce Religion, Lesser Healing, Heal Other, Purification, Divine
Protection


You were on level 12 of the Dungeon.
You worshipped Elyvilon.
Elyvilon was most pleased with you.
You visited 2 branches of the dungeon, and saw 13 of its levels.

You collected 563 gold pieces.

Inventory:

Hand Weapons
 c - a +0 hunting sling
 r - a +1 vorpal hunting sling
 F - a +1 spear of venom
 I - the +8 trident of Disorder (weapon) {holy, rElec rF++ rC- rN+}
   (You took it off an orc on level 6 of the Dungeon)

   It has been blessed by the Shining One to cause great damage to the undead
   and demons.
   rF:        It greatly protects you from fire.
   rC:        It makes you vulnerable to cold.
   rElec:     It insulates you from electricity.
   rN:        It protects you from negative energy.
 W - a +2 dagger of electrocution
Missiles
 f - 40 sling bullets
 j - 98 bolts
 o - 79 poisoned darts
 u - 3 boomerangs
 y - 2 atropa-tipped darts
 M - 2 boomerangs of dispersal
 Q - 9 curare-tipped darts
Armour
 d - the +1 robe "Myojub" {Fly rC+ rN+}
   (You found it on level 8 of the Dungeon)

   rC:        It protects you from cold.
   rN:        It protects you from negative energy.
   Fly:       It grants you flight.
 g - a +0 troll leather armour
 p - a +0 cloak (worn)
 x - the +2 leather armour of Abaisotu {rC- Will+ Str+3 Stlth+}
   (You found it on level 4 of the Dungeon)

   Str:       It affects your strength (+3).
   rC:        It makes you vulnerable to cold.
   Will:      It increases your willpower.
   Stlth:     It makes you more stealthy.
 C - a +1 leather armour of fire resistance
 S - a +2 robe of willpower
 X - +0 acid dragon scales
 Y - a +3 troll leather armour {Snorg}
Jewellery
 h - a ring of ice (left claw)
 q - an amulet of faith (around neck)
 A - a ring of protection from cold (right claw)
 O - the ring "Rekuts Pyiri" {*Corrode rC++ MP+9 Str+4}
   (You found it on level 7 of the Dungeon)

   [ring of magical power]

   Str:       It affects your strength (+4).
   rC:        It greatly protects you from cold.
   MP:        It affects your magic capacity (+9).
   *Corrode:  It may corrode you when you take damage.
 V - a ring of ice
Wands
 v - a wand of polymorph (2)
 w - a wand of iceblast (10)
 E - a wand of acid (16)
 J - a wand of paralysis (7)
 L - a wand of mindburst (40)
 N - a wand of flame (31)
Scrolls
 b - a scroll of magic mapping
 k - a scroll of blinking {unknown}
 l - a scroll of enchant armour {unknown}
 m - 9 scrolls of identify {unknown}
 s - a scroll of brand weapon {unknown}
 B - 3 scrolls of teleportation
 D - 2 scrolls of immolation {unknown}
 G - a scroll of amnesia {unknown}
 K - 2 scrolls of noise {unknown}
 P - 2 scrolls of enchant weapon {unknown}
 T - a scroll of torment {unknown}
Potions
 e - a potion of berserk rage {unknown}
 i - a potion of lignification
 n - 3 potions of mutation
 t - 2 potions of attraction {unknown}
 z - 3 potions of resistance {unknown}
 H - 3 potions of might {unknown}
 R - a potion of degeneration {unknown}
 U - a potion of curing {unknown}


   Skills:
 + Level 3.4 Fighting
 + Level 1.1 Armour
 + Level 5.7 Dodging
 - Level 1.5 Stealth
 + Level 13.9 Spellcasting
 + Level 0.9 Evocations


You had 9 spell levels left.
You knew the following spells:

 Your Spells              Type           Power      Damage    Failure   Level
a - Foxfire               Conj/Fire      100%       2x1d9     1%          1
b - Conjure Flame         Conj/Fire      84%        6-21      1%          3
c - Inner Flame           Hex/Fire       84%        N/A       1%          3
d - Sticky Flame          Conj/Fire      84%        2d10      1%          4
e - Fireball              Conj/Fire      42%        3d17      2%          5
f - Pain                  Necr           100%       1d9       1%          1
g - Blink                 Tloc           N/A        N/A       1%          2
h - Passwall              Tmut/Erth      70%        N/A       1%          2
i - Petrify               Tmut/Erth      84%        N/A       1%          4
j - Summon Lightning Spi  Summ/Air       84%        N/A       1%          4
Your spell library was empty.

Dungeon Overview and Level Annotations

Branches:
Dungeon (12/15)            Temple (1/1) D:6            Lair (0/6) D:8
    Orc (0/2) D:12

Altars:
Ashenzari
Cheibriados
Dithmenos
Elyvilon
Fedhas
Gozag
Hepliaklqana
Kikubaaqudgha
Makhleb
Nemelex Xobeh
Okawaru
Qazlal
Ru
Sif Muna
Trog
Uskayaw
Vehumet
Wu Jian
Xom
Yredelemnul
Zin
The Shining One

Shops:
D:1 (   D:2 [   D:12 **

Annotations:
D:6 1 runed translucent door


Innate Abilities, Weirdness & Mutations

You are immune to sickness and miasma.
You are immune to poison.
Your flesh is very heat resistant. (rF++)
You are vulnerable to cold. (rC-)
You float through the air rather than walking.
You learn spells naturally, not from books.
Your magical power is your life essence.
You have superior vitality. (+4 HP)
You have sharp fingernails.
You are dopey. (Int -2)
Your spells are harder to cast, but more powerful.


Message History

Your lightning spire shoots out a bolt of lightning at the two-headed ogre!
The bolt of electricity hits the two-headed ogre!!
The bolt of electricity hits the two-headed ogre!
Your lightning spire's attack snaps the two-headed ogre out of its fear.
Unknown command.
Your surroundings suddenly seem different.
Found a coppery potion, a ring mail, a book of Storms and 15 arrows.
An orc priest comes into view. It is wielding a +0 mace.
Unknown command.
Found 9 gold pieces.
An orc comes into view. It is wielding a +0 short sword.
Found Rahaosuc's General Store.
The orc shouts!
Okay, then.
Okay, then.
Unknown command.
Unknown command.
As you read the scroll of teleportation, it crumbles to dust.
You feel strangely unstable. Something hits you.
* * * LOW HITPOINT WARNING * * *
Unknown command.
An orc comes into view. It is wielding a +0 hand axe.
Something hits you.
* * * LOW HITPOINT WARNING * * *
You see here a coppery potion.
Okay, then.
Unknown command.
Casting: Summon Lightning Spire (dangerous; 1% risk of failure)
Confirm with . or Enter, or press ? or * to list all spells.
Aiming: Sticky Flame (dangerous; 1% risk of failure)
Press: ? - help, Shift-Dir - straight line The sticky flame hits something.
The unseen horror is covered in liquid flames!
* * * LOW HITPOINT WARNING * * *
An unseen horror comes into view.
Your surroundings suddenly seem different.
An orc comes into view. It is wielding a +0 dagger.
Found 22 sling bullets.
Found a stone staircase leading up.
The orc hits you with a +0 dagger.
You die...

**,**,,,****,,,,* ****,,*,,*,,*
,,,,,,,,,,,,,...###....,*,,*,**
**,*,,,,,,*#,,......#.#.,,,,,*
*,*,,*,*###.,.....#......#######
*,*,,*,,,...##.....<..#.>......:
**,,,,,,,**#..........#..........
,,,,,,*,** #.....................
*,,,,,,,* #..........##.........
,,,,,,,****#....@....(##.........
.,,,,,,,,.......o................
.,,,,,**,##..........####........
#,,<,,**,*#..........# #.....>..
.,,,,,,,,...........## #........
,.**,,,,,...........# ###...†....
..**,,,,*#..........###..).#..###
..,,,,,,*#.................#..#
..,,,,,,,,,,,**,,,..###.......##


You could see an orc.

Vanquished Creatures
  Jorgrun (D:12)
  A two-headed ogre (D:9)
  The ghost of krigyl the Blocker, a novice MiFi (D:6)
  An ugly thing (D:12)
  A cyclops (D:11)
  4 kobold demonologists
  Psyche (D:8)
  3 trolls
  4 hornets
  Grinder (D:6)
  2 slime creatures (D:7)
  A wyvern (D:7)
  3 yaks
  An acid dragon (D:11)
  2 water moccasins
  2 ice beasts
  3 orc warriors
  A sky beast (D:7)
  2 ogres
  6 wolves (D:8)
  9 centaurs
  20 kobold brigands
  8 bullfrogs
  2 water moccasin zombies
  2 scorpions
  2 electric eels (D:8)
  5 howler monkeys
  3 centaur zombies
  5 hounds
  7 jellies
  2 gnoll shamans
  2 orc priests (D:8)
  A centaur skeleton (D:7)
  Jessica (D:2)
  An iguana (D:7)
  5 orc wizards
  A killer bee zombie (D:6)
  2 howler monkey zombies (D:6)
  4 adders
  10 gnolls
  2 shadow imps
  An ufetubus (D:6)
  2 worms
  2 dart slugs
  17 orcs
  4 endoplasms (D:7)
  3 giant cockroaches
  3 goblins (D:3)
  4 hobgoblins
  5 quokkas
  4 ball pythons
  3 bats
  2 frilled lizards
  18 kobolds
  3 rats
206 creatures vanquished.

Vanquished Creatures (collateral kills)
  Snorg (D:12)
  A two-headed ogre (D:9)
  A kobold brigand (D:9)
  A howler monkey (D:9)
  An orc priest (D:12)
  2 orcs (D:12)
  6 kobolds (D:9)
  2 foxfires (D:1)
15 creatures vanquished.

Vanquished Creatures (others)
  A demonic plant (D:1)
  776 foxfires
  5 fungi (D:7)
  9 toadstools (D:7)
791 creatures vanquished.

Grand Total: 1012 creatures vanquished

Notes
Turn   | Place    | Note
-------+----------+-------------------------------------------
     0 | D:1      | rogsnak the Djinni Fire Elementalist began the quest for
                  | the Orb.
     0 | D:1      | Reached XP level 1. HP: 15/15 MP: 0/0
   199 | D:1      | Found Esaj's Antique Weapon Boutique.
   295 | D:1      | Reached XP level 2. HP: 19/21 MP: 0/0
   485 | D:1      | Found a faded altar of an unknown god.
   919 | D:2      | Reached skill level 3 in Spellcasting
  1105 | D:2      | Reached XP level 3. HP: 22/25 MP: 0/0
  1105 | D:2      | Learned a level 1 spell: Pain
  1309 | D:2      | Noticed Jessica
  1318 | D:2      | Killed Jessica
  1319 | D:2      | Reached XP level 4. HP: 23/31 MP: 0/0
  1449 | D:2      | Found Fucel's Armour Boutique.
  2196 | D:3      | Reached XP level 5. HP: 30/35 MP: 0/0
  2196 | D:3      | Learned a level 2 spell: Blink
  2231 | D:3      | Reached skill level 4 in Spellcasting
  2391 | D:3      | Found an ornate altar of the Wu Jian Council.
  2569 | D:3      | Gained mutation: Your spells are a little harder to cast,
                  | but a little more powerful. [potion of mutation]
  2569 | D:3      | Gained mutation: Your spells are harder to cast, but more
                  | powerful. [potion of mutation]
  2569 | D:3      | Gained mutation: You are dopey. (Int -2) [potion of
                  | mutation]
  2569 | D:3      | Gained mutation: You have sharp fingernails. [potion of
                  | mutation]
  3513 | D:4      | Identified the +2 leather armour of Abaisotu {rC- Will+
                  | Str+3 Stlth+}
  4392 | D:5      | Entered Level 5 of the Dungeon
  4501 | D:5      | Reached XP level 6. HP: 37/41 MP: 0/0
  4538 | D:5      | Noticed a black bear
  4538 | D:5      | Noticed an ogre
  4618 | D:5      | Reached skill level 5 in Spellcasting
  4743 | D:5      | HP: 2/41 [centaur (3)]
  4746 | D:5      | Reached XP level 7. HP: 2/46 MP: 0/0
  4746 | D:5      | Learned a level 2 spell: Passwall
  5104 | D:5      | Reached skill level 1 in Fighting
  5371 | D:5      | Reached skill level 6 in Spellcasting
  5773 | D:6      | Noticed Grinder
  5903 | D:6      | Killed Grinder
  5904 | D:6      | Reached XP level 8. HP: 40/52 MP: 0/0
  6091 | D:6      | Identified the +8 trident of Disorder {holy, rElec rF++ rC-
                  | rN+}
  6102 | D:6      | Reached skill level 7 in Spellcasting
  6215 | D:6      | Found a runed translucent door.
  6250 | D:6      | Found a runed translucent door.
  6251 | D:6      | Noticed krigyl's ghost (novice MiFi)
  6421 | D:6      | Found a staircase to the Ecumenical Temple.
  6432 | Temple   | Entered the Ecumenical Temple
  6502 | Temple   | Became a worshipper of Elyvilon the Healer
  6765 | D:6      | Reached skill level 8 in Spellcasting
  6765 | D:6      | Reached XP level 9. HP: 50/57 MP: 0/0
  6765 | D:6      | Learned a level 4 spell: Petrify
  6774 | D:6      | Killed krigyl's ghost
  7082 | D:7      | Identified the ring "Rekuts Pyiri" {*Corrode rC++ MP+9
                  | Str+4}
  7090 | D:7      | Reached skill level 9 in Spellcasting
  7446 | D:7      | Found a glowing silver altar of Zin.
  7879 | D:7      | Reached skill level 10 in Spellcasting
  7879 | D:7      | Reached XP level 10. HP: 40/63 MP: 0/0
  8559 | D:7      | Reached * piety under Elyvilon
  8736 | D:8      | Noticed Psyche
  8739 | D:8      | Killed Psyche
  9044 | D:8      | Found a sparkling altar of Nemelex Xobeh.
  9046 | D:8      | Found an opulent altar of Gozag.
  9215 | D:8      | Reached skill level 11 in Spellcasting
 10108 | D:8      | Reached XP level 11. HP: 37/68 MP: 0/0
 10108 | D:8      | Learned a level 4 spell: Summon Lightning Spire
 10313 | D:8      | Found a staircase to the Lair.
 10397 | D:8      | Identified the +1 robe "Myojub" {Fly rC+ rN+}
 10543 | D:8      | Found a glowing golden altar of the Shining One.
 11050 | D:9      | Noticed a two-headed ogre
 11054 | D:9      | Killed a two-headed ogre
 11055 | D:9      | Reached skill level 12 in Spellcasting
 11328 | D:9      | Reached skill level 5 in Dodging
 12019 | D:9      | Reached ** piety under Elyvilon
 12531 | D:9      | Found a basalt altar of Yredelemnul.
 12791 | D:9      | Noticed a two-headed ogre
 12797 | D:9      | Killed a two-headed ogre
 12861 | D:10     | Entered Level 10 of the Dungeon
 12900 | D:10     | Reached skill level 13 in Spellcasting
 13266 | D:10     | Reached *** piety under Elyvilon
 13323 | D:10     | Reached XP level 12. HP: 72/76 MP: 0/0
 13773 | D:11     | You are sucked into a shaft and drop 1 floor!
 13805 | D:12     | Found Fefogex's General Store.
 13819 | D:12     | Noticed Snorg
 13824 | D:12     | Killed Snorg
 13837 | D:12     | Noticed Jorgrun
 13841 | D:12     | Killed Jorgrun
 13860 | D:12     | Reached skill level 1 in Armour
 13866 | D:12     | Noticed an ogre mage
 13867 | D:12     | Noticed a two-headed ogre
 13872 | D:12     | Noticed a two-headed ogre
 13872 | D:12     | Noticed a two-headed ogre
 13876 | D:12     | Found Rahaosuc's General Store.
 13881 | D:12     | Slain by an orc

Illustrated notes

Levels and vault maps discovered:
D:1:      dpeg_arrival_oval, layout_rooms, shapermc_ecumenical_altar_gd,
          serial_shops, shop, fountainhead
D:2:      layout_basic, serial_shops, shop, uniq_jessica
D:3:      layout_loops_ring, nicolae_wu_jian_wuxing_cycle,
          hangedman_decor_growths, chequers_serial_rivers_small_b,
          minmay_misc_feat_pillars
D:4:      layout_basic
D:5:      layout_basic
D:6:      layout_cave_pools, minmay_temple_entry_ruins, ebering_ghost_sewer_f,
          chequers_serial_rivers_small_3, minmay_misc_feat_roman, uniq_grinder
D:7:      cheibrodos_fertilizer, layout_basic, general_overflow_altar,
          st_stairs_4
D:8:      layout_basic, grunt_temple_overflow_opulence, marbit_many_paths,
          erik_lair_island, uniq_psyche
D:9:      layout_loops_ring, minitemple, special_room [special_room_kobold]
D:10:     layout_cave_pools, kennysheep_pointless_box
D:11:     layout_basic, special_room [special_room_bee]
D:12:     layout_rooms, erik_orc_4, serial_shops, shop, shop,
          nicolae_shop_behind_doors, kennysheep_generic_room_4, uniq_jorgrun,
          uniq_snorg
Temple:   eino_wide_crystal_templ

Skill      XL: |  1  2  3  4  5  6  7  8  9 10 11 12 |
---------------+-------------------------------------+-----
Spellcasting   | 3 4 5 6 8 10 11 13 | 13.9
Fighting       | 1 2 3 |  3.4
Dodging        | 3 4 5 |  5.7
Armour         | 1 |  1.1
Stealth        | |  1.5
Evocations     | |  0.9

Action                   |  1- 3 |  4- 6 |  7- 9 | 10-12 || total
-------------------------+-------+-------+-------+-------++-------
Melee: Falchion          |     5 |    10 |       |       ||    15
       Hand axe          |       |     5 |       |       ||     5
       Trident           |       |       |     8 |    44 ||    52
       Spear             |       |       |     2 |       ||     2
 Cast: Foxfire           |    57 |    73 |   174 |   179 ||   483
       Sticky Flame      |       |     2 |     7 |    31 ||    40
       Blink             |       |     1 |       |       ||     1
       Fireball          |       |       |     4 |    58 ||    62
       Summon Lightning  |       |       |       |     5 ||     5
Evoke: Wand              |       |     2 |       |       ||     2
  Use: Potion            |       |     2 |       |       ||     2
       Scroll            |       |       |       |     4 ||     4
 Stab: Sleeping          |       |     1 |       |       ||     1
       Distracted        |       |       |       |     1 ||     1
Armor: Robe              |     1 |     5 |     3 |     9 ||    18
       Skin              |       |     4 |       |       ||     4
       Troll leather arm |       |       |       |     2 ||     2
Dodge: Dodged            |     6 |    11 |     9 |    50 ||    76
       Rpst.: Falchion   |     3 |     1 |       |       ||     4
